 Dungeon Crawl Stone Soup version 0.22-a0-373-gab1296c (webtiles) character file.

1823 iamserjio the Quickloader (level 9, -7/51 HPs)
             Began as a Kobold Hunter on Apr 25, 2018.
             Was an Initiate of Okawaru.
             Killed from afar by a hell hound (9 damage)
             ... with a blast of flame
             ... on level 8 of the Dungeon.
             The game lasted 00:29:52 (7522 turns).

iamserjio the Quickloader (Kobold Hunter)           Turns: 7522, Time: 00:29:52

Health: -7/51      AC:  5    Str: 12    XL:     9   Next: 32%
Magic:  0/12       EV: 22    Int: 18    God:    Okawaru [......]
Gold:   73         SH:  0    Dex: 15    Spells: 9/12 levels left

rFire    . . .     SeeInvis .   E - +4 flail
rCold    . . .     Gourm    .   (shield restricted)
rNeg     . . .     Faith    .   z - +1 leather armour {rPois}
rPois    +         Spirit   +   (no helmet)
rElec    .         Reflect  .   b - scarf {Spirit}
rCorr    .         Harm     .   l - +0 pair of gloves
MR       .....                  (no boots)
Stlth    ++++......             (no amulet)
HPRegen  0.17/turn              (no ring)
MPRegen  0.13/turn              (no ring)

@: brilliant, heroism
A: small, carnivore
a: Renounce Religion


You were on level 8 of the Dungeon.
You worshipped Okawaru.
Okawaru was noncommittal.
You were completely stuffed.

You visited 2 branches of the dungeon, and saw 9 of its levels.

You collected 345 gold pieces.
You spent 272 gold pieces at shops.

Inventory:

Hand Weapons
 a - a +1 hand crossbow
 k - a +1 falchion of protection
 y - a +1 dagger of venom
 E - a +4 flail (weapon)
Missiles
 d - 28 bolts
Armour
 b - a scarf of spirit shield (worn)
 l - a +0 pair of gloves (worn)
 z - a +1 leather armour of poison resistance (worn)
 G - a +0 buckler
Jewellery
 c - an uncursed ring of ice
Wands
 p - a wand of enslavement (10)
 v - a wand of flame (36)
Scrolls
 e - 2 scrolls of enchant armour
 m - a scroll of fog {unknown}
 o - 2 scrolls of teleportation
 q - a scroll of blinking
 r - a scroll of immolation
 s - 2 scrolls of remove curse
 t - a scroll of amnesia {unknown}
 x - a scroll of magic mapping {unknown}
 A - 2 scrolls of enchant weapon
Potions
 h - 2 potions of berserk rage {unknown}
 i - 8 potions of brilliance
 j - 2 potions of heal wounds {unknown}
 n - 2 potions of lignification {unknown}
 w - a potion of magic {unknown}
Comestibles
 f - 10 rations
 g - 4 chunks of flesh


   Skills:
 + Level 3.3(8.3) Fighting
 - Level 10.0(15.0) Crossbows
 + Level 6.5(11.5) Dodging
 - Level 3.0(8.0) Stealth
 + Level 2.3 Spellcasting
 - Level 5.0 Hexes
 * Level 2.8 Invocations


You had 9 spell levels left.
You knew the following spells:

 Your Spells              Type           Power        Failure   Level  Hunger
a - Confuse               Hex            ####....     1%          3    ###....


Dungeon Overview and Level Annotations

Branches:
Dungeon (8/15)             Temple (1/1) D:6            Lair (0/6) D:8

Altars:
Cheibriados
Dithmenos
Elyvilon
Fedhas
Gozag
Hepliaklqana
Kikubaaqudgha
Makhleb
Okawaru
Qazlal
Ru
Sif Muna
Trog
Vehumet
Wu Jian
Xom
Zin
The Shining One

Shops:
D:6 [   D:7 [


Innate Abilities, Weirdness & Mutations

You are small and have problems with some larger weapons.
You are carnivorous and can eat meat at any time.


Message History

The blast of flame hits you! The hell hound closely misses you.
You thump the hell hound!
The hell hound is moderately wounded.
The hell hound completely misses you.
You hit the hell hound.
The hell hound is heavily wounded.
The hell hound breathes flames at you. The blast of flame hits you!
* * * LOW HITPOINT WARNING * * *
The hell hound completely misses you.
You hit the hell hound.
The hell hound is heavily wounded.
The hell hound misses you. x2
You hit the hell hound.
The hell hound is severely wounded.
The hell hound misses you. The hell hound breathes flames at you.
The blast of flame hits you!
You die...

.....................:...........
......##########(##.####.#[.....§
....###........(...........#...≈§
........#.######)######.#......≈≈
####.....#.# #.# #.#.#..#..§≈
#......#.# #.# #.#..#...§.§≈
#.......#.# #.# #.# ##.#..§≈
#........#.##(##.#
#.........#.#@#.#
####.......#.#h#
........#.#......(
.........#........ .##......
........ .#.#.... ..8....
.##..... 8(..8.. #%#.... .......
###.... ..(...(


You could see a hell hound.

Vanquished Creatures
  Duvessa (D:5)
  2 phantoms
  2 ogres
  3 centaurs
  2 bullfrogs
  A gnoll sergeant (D:7)
  Dowan (D:5)
  A scorpion (D:5)
  3 crimson imps
  A centaur skeleton (D:4)
  3 hounds
  2 jellies
  2 orc wizards
  3 iguanas
  5 worker ants
  5 gnolls (D:7)
  13 adders
  3 shadow imps
  An ooze (D:5)
  3 worms
  A dart slug (D:1)
  4 leopard geckos
  12 orcs
  3 ball pythons
  5 bats
  6 giant cockroaches
  5 goblins
  8 hobgoblins
  12 jackals
  2 quokkas
  12 frilled lizards
  A jackal skeleton (D:4)
  9 kobolds
  6 rats
  A plant (D:7)
144 creatures vanquished.

Vanquished Creatures (others)
  A frilled lizard (D:2)
1 creature vanquished.

Grand Total: 145 creatures vanquished

Notes
Turn   | Place    | Note
-------+----------+-------------------------------------------
     0 | D:1      | iamserjio the Kobold Hunter began the quest for the Orb.
     0 | D:1      | Reached XP level 1. HP: 12/12 MP: 1/1
    23 | D:1      | Reached skill level 5 in Crossbows
    57 | D:1      | Reached XP level 2. HP: 14/17 MP: 2/2
   625 | D:1      | Reached XP level 3. HP: 21/21 MP: 3/3
  1037 | D:2      | Reached skill level 6 in Crossbows
  1037 | D:2      | Reached XP level 4. HP: 26/26 MP: 4/4
  1235 | D:2      | Found a shimmering altar of Xom.
  1235 | D:2      | Noticed an angel
  1236 | D:2      | Found a glowing silver altar of Zin.
  1377 | D:2      | Reached XP level 5. HP: 24/30 MP: 5/5
  1796 | D:3      | Learned a level 3 spell: Confuse
  2008 | D:3      | Found a shadowy altar of Dithmenos.
  2449 | D:4      | Reached skill level 7 in Crossbows
  2449 | D:4      | Reached skill level 1 in Hexes
  2449 | D:4      | Reached XP level 6. HP: 22/35 MP: 6/6
  2609 | D:4      | Found a deep blue altar of Sif Muna.
  2610 | D:4      | Found a hazy altar of Hepliaklqana.
  2727 | D:5      | Entered Level 5 of the Dungeon
  2790 | D:5      | Found an ornate altar of the Wu Jian Council.
  3133 | D:5      | Noticed Duvessa
  3134 | D:5      | Noticed Dowan
  3343 | D:5      | Killed Duvessa
  3343 | D:5      | Reached XP level 7. HP: 28/40 MP: 7/7
  3351 | D:5      | Killed Dowan
  3351 | D:5      | Reached skill level 8 in Crossbows
  3351 | D:5      | Reached skill level 5 in Dodging
  3520 | D:5      | Found a burning altar of Makhleb.
  3754 | D:6      | Found Asipneck's Armour Shoppe.
  3768 | D:6      | Found a staircase to the Ecumenical Temple.
  3776 | D:6      | Reached XP level 8. HP: 43/44 MP: 8/8
  3789 | Temple   | Entered the Ecumenical Temple
  3802 | Temple   | Became a worshipper of Warmaster Okawaru
  3967 | D:6      | Found a sacrificial altar of Ru.
  4035 | D:6      | Reached skill level 9 in Crossbows
  4738 | D:6      | Found a radiant altar of Vehumet.
  5238 | D:7      | Found a blossoming altar of Fedhas.
  5240 | D:7      | Found a stormy altar of Qazlal.
  5265 | D:7      | Reached skill level 5 in Hexes
  5764 | D:7      | Reached * piety under Okawaru
  5764 | D:7      | Reached skill level 1 in Spellcasting
  5764 | D:7      | Reached skill level 1 in Invocations
  6094 | D:7      | Found Wirad's Antique Armour Emporium.
  6108 | D:7      | Reached XP level 9. HP: 44/49 MP: 9/11
  6767 | D:7      | Bought an embroidered scarf for 272 gold pieces
  6930 | D:8      | Found a staircase to the Lair.
  7140 | D:8      | HP: 2/51 [hell hound (9)]
  7142 | D:8      | Noticed a hippogriff
  7488 | D:8      | Reached skill level 10 in Crossbows
  7520 | D:8      | HP: 2/51 [hell hound/blast of flame (17)]
  7522 | D:8      | Killed from afar by a hell hound

Vault maps used:
D:1:      nzn_arrival_water_spiral, minmay_lizard_pond
D:2:      cheibrodos_helix_gallery, grunt_temple_overflow_order_and_chaos_1,
          first_ration
D:3:      kennysheep_doodads, grunt_dithmenos_smoke
D:4:      gammafunk_temple_overflow_statue
D:5:      old_standard_altar, makhleb_blood_cavern_becter, uniq_duvessa
D:6:      lemuel_coloured_pillars_altar, kennysheep_mini_moat,
          minmay_temple_entry_large_hall, serial_shops, shop,
          minmay_misc_feat_more_columns
D:7:      grunt_temple_overflow_forces_of_nature, serial_shops, shop,
          hangedman_abyss_or_decor_lesser_grid
D:8:      wad_pebble_path, minmay_lair_entry_lava, minmay_misc_feat_chi,
          blue_anna_alchemist, minmay_gold_behind_fungi
Temple:   dshaligram_water_room_temple

Skill      XL: |  1  2  3  4  5  6  7  8  9 |
---------------+----------------------------+-----
Crossbows      | 5 6 7 8 9 10 | 10.0
Dodging        | 3 4 5 6 |  6.5
Hexes          | 1 2 4 5 |  5.0
Stealth        | 3 |  3.0
Spellcasting   | 1 2 |  2.3
Invocations    | 1 2 |  2.8
Fighting       | 3 |  3.3

Action                   |  1- 3 |  4- 6 |  7- 9 || total
-------------------------+-------+-------+-------++-------
Melee: Short sword       |       |    53 |    15 ||    68
       Long sword        |       |       |    58 ||    58
       Dagger            |       |       |     4 ||     4
       Flail             |       |       |    49 ||    49
       Punch             |       |       |     1 ||     1
 Fire: Hand crossbow     |    59 |   124 |   142 ||   325
 Cast: Confuse           |       |       |     3 ||     3
Invok: Heroism           |       |       |     6 ||     6
Evoke: Wand              |       |     6 |     4 ||    10
  Use: Scroll            |       |     3 |    12 ||    15
       Potion            |       |       |     5 ||     5
 Stab: Paralysed         |       |    14 |     7 ||    21
       Confused          |       |       |     2 ||     2
       Sleeping          |       |       |     1 ||     1
  Eat: Chunk             |     3 |    13 |    13 ||    29
Armor: Leather armour    |     3 |    14 |    22 ||    39
Dodge: Dodged            |    14 |    75 |   180 ||   269
       Rpst.: Long sword |       |       |    33 ||    33

Table legend:
 A = Spawn XP
 B = Non-spawn XP
 C = Spawn XP percentage of total XP
 D = Spawn monster count
 E = Non-spawn monster count
 F = Spawn count percentage of total count
 G = Total turns spent on level
                    A         B        C        D         E        F      G
               +---------+---------+-------+---------+---------+-------+---------
         Total |       0 |    2605 |   0.0 |       0 |     143 |   0.0 |  7522
               +---------+---------+-------+---------+---------+-------+---------
           D:1 |       0 |      35 |   0.0 |       0 |      23 |   0.0 |   882
           D:2 |       0 |     130 |   0.0 |       0 |      28 |   0.0 |   839
           D:3 |       0 |      53 |   0.0 |       0 |      19 |   0.0 |   503
           D:4 |       0 |      52 |   0.0 |       0 |       5 |   0.0 |   665
           D:5 |       0 |     651 |   0.0 |       0 |      18 |   0.0 |   804
           D:6 |       0 |     670 |   0.0 |       0 |      18 |   0.0 |  1592
           D:7 |       0 |     708 |   0.0 |       0 |      23 |   0.0 |  1556
           D:8 |       0 |     306 |   0.0 |       0 |       9 |   0.0 |   654
               +---------+---------+-------+---------+---------+-------+---------
